 Dungeon Crawl Stone Soup version 0.31-a0-868-g674d60d6f7 (webtiles) character file.

Game seed: 12756545971406989785

18585 Maratek the Cleaver (level 12, -1/106 HPs)
             Began as a Minotaur Fighter on Oct 11, 2023.
             Was a Priest of Qazlal.
             Slain by a skeletal warrior
             ... wielding a +0 trident
              (10 damage)
             ... on level 12 of the Dungeon.
             The game lasted 00:16:37 (10514 turns).

Maratek the Cleaver (Minotaur Fighter)             Turns: 10514, Time: 00:16:37

Health: -1/106     AC: 16    Str: 26    XL:     12   Next: 29%
Magic:  11/11      EV:  9    Int:  5    God:    Qazlal [***...]
Gold:   704        SH: 21    Dex: 12    Spells: 11/11 levels left

rFire   . . .        w - +2 war axe (flame)
rCold   + . .        B - +5 kite shield
rNeg    . . .        E - +0 plate armour
rPois   .            (helmet restricted)
rElec   +            (no cloak)
rCorr   .            (no gloves)
SInv    .            p - +0 pair of boots of Gytotz {+Inv rElec Dex+2}
Will    .....        g - amulet of the acrobat Stlth
                     n - ring of protection from cold
HPRegen 0.37/turn    (no ring)
MPRegen 0.12/turn

%: acrobat
@: no status effects
A: horns 2, retaliatory headbutt
a: Renounce Religion, Evoke Invisibility, Upheaval, Elemental Force


You were on level 12 of the Dungeon.
You worshipped Qazlal.
Qazlal was most pleased with you.
You visited 2 branches of the dungeon, and saw 13 of its levels.
You also visited: Sewer.

You collected 704 gold pieces.

Inventory:

Hand Weapons
 w - a +2 war axe of flaming (weapon)
Missiles
 t - 2 throwing nets
Armour
 p - the +0 pair of boots of Gytotz (worn) {+Inv rElec Dex+2}
   (You found it on level 2 of the Dungeon)

   Dex+2:     It affects your dexterity (+2).
   rElec:     It insulates you from electricity.
   +Inv:      It lets you turn invisible.
 B - a +5 kite shield (worn)
 E - a +0 plate armour (worn)
Jewellery
 g - an amulet of the acrobat (around neck)
 i - a ring of fire
 n - a ring of protection from cold (left hand)
 q - a ring of ice
 D - a ring of ice
Wands
 c - a wand of acid (13)
 y - a wand of roots (10)
 C - a wand of digging (2)
Scrolls
 a - a scroll of amnesia {unknown}
 f - 10 scrolls of teleportation
 h - a scroll of blinking
 u - 2 scrolls of butterflies
 v - 3 scrolls of fog
 z - 2 scrolls of fear
Potions
 d - 3 potions of might
 e - 8 potions of curing
 j - 2 potions of ambrosia
 k - 3 potions of brilliance
 l - 2 potions of berserk rage
 m - 4 potions of enlightenment
 o - 2 potions of heal wounds
 r - 4 potions of attraction
 s - 3 potions of haste
 x - a potion of magic
 A - a potion of degeneration {unknown}


   Skills:
 + Level 9.8 Fighting
 + Level 14.6 Axes
 + Level 10.5 Armour
 + Level 6.0 Dodging
 + Level 3.3 Stealth
 + Level 11.7 Shields


You had 11 spell levels left.
You didn't know any spells.
Your spell library contained the following spells:

 Spells                   Type           Power      Damage    Failure   Level
 Apportation              Tloc           0%         N/A       100%        1
 Magic Dart               Conj           0%         1d3       100%        1
 Necrotise                Necr           0%         1d4       100%        1
 Sting                    Tmut/Pois      0%         1d3       100%        1
 Summon Small Mammal      Summ           0%         N/A       100%        1
 Call Imp                 Summ           0%         N/A       100%        2
 Cigotuvi's Dreadful Rot  Necr/Pois/Air  0%         N/A       100%        2
 Jinxbite                 Hex            0%         N/A       100%        2
 Poisonous Vapours        Pois/Air       0%         N/A       100%        2
 Static Discharge         Conj/Air       0%         2-2/arc   100%        2
 Sublimation of Blood     Necr           0%         N/A       100%        2
 Call Canine Familiar     Summ           0%         N/A       100%        3
 Inner Flame              Hex/Fire       0%         N/A       100%        3
 Mephitic Cloud           Conj/Pois/Air  0%         N/A       100%        3
 Ozocubu's Armour         Ice            0%         N/A       100%        3
 Summon Guardian Golem    Hex/Summ       0%         N/A       100%        3
 Vampiric Draining        Necr           0%         2d6       100%        3
 Airstrike                Air            0%         2d(0-16)  100%        4
 Flame Wave               Conj/Fire      0%         2d4       100%        4
 Petrify                  Tmut/Erth      0%         N/A       100%        4
 Sticky Flame             Conj/Fire      0%         2d3       100%        4
 Summon Lightning Spire   Summ/Air       0%         N/A       100%        4
 Agony                    Necr           0%         N/A       100%        5
 Alistair's Intoxication  Tmut/Pois      0%         N/A       100%        5
 Irradiate                Conj/Tmut      0%         3d11      100%        5
 Metabolic Englaciation   Hex/Ice        0%         N/A       100%        5
 Eringya's Noxious Bog    Tmut/Pois      0%         4d6       100%        6
 Simulacrum               Ice/Necr       0%         N/A       100%        6


Dungeon Overview and Level Annotations

Branches:
Dungeon (12/15)            Temple (1/1) D:7            Lair (0/5) D:11
    Orc (0/2) D:10          Sewer (visited)

Altars:
Ashenzari
Cheibriados
Dithmenos
Elyvilon
Fedhas
Gozag
Hepliaklqana
Kikubaaqudgha
Makhleb
Nemelex Xobeh
Okawaru
Qazlal
Ru
Sif Muna
Trog
Uskayaw
Vehumet
Wu Jian
Xom
Zin

Shops:
D:8 *

Annotations:
D:7 2 transporters, Flugkiller's ghost, novice OpSh


Innate Abilities, Weirdness & Mutations

You have a pair of horns on your head.
You reflexively headbutt those who attack you in melee.


Message History

You miss the vampire mosquito.
Your headbutt misses the vampire mosquito.
The vampire mosquito closely misses you.
You furiously retaliate!
You headbutt the vampire mosquito!
The skeletal warrior hits you from afar with a +0 trident!
* * * LOW HITPOINT WARNING * * *
You miss the vampire mosquito.
The vampire mosquito is heavily damaged.
The vampire mosquito bites you.
* * * LOW HITPOINT WARNING * * *
The vampire mosquito draws strength from your injuries!
You block the skeletal warrior's attack.
You block the vampire mosquito's attack.
You closely miss the vampire mosquito.
The vampire mosquito is moderately damaged.
You block the vampire mosquito's attack.
You block the skeletal warrior's attack.
You slash the vampire mosquito! You burn the vampire mosquito.
The vampire mosquito is almost destroyed.
The vampire mosquito bites you but does no damage.
You block the vampire mosquito's attack.
The skeletal warrior hits you but does no damage.
You barely miss the vampire mosquito.
The vampire mosquito is almost destroyed.
You block the vampire mosquito's attack. x2
You barely miss the vampire mosquito.
The vampire mosquito is almost destroyed.
You block the skeletal warrior's attack.
The vampire mosquito bites you but does no damage.
You slice the vampire mosquito!! You burn the vampire mosquito.
You destroy the vampire mosquito!
Qazlal accepts your kill.
The skeletal warrior hits you from afar with a +0 trident!!
* * * LOW HITPOINT WARNING * * *
You block the skeletal warrior's attack.
Items here: )))))) [ †.
You closely miss the skeletal warrior.
The skeletal warrior is lightly damaged.
The skeletal warrior hits you with a +0 trident!
You die...

#........#.#
###....###.#
#.....## #.#
..[..#..##
#.# .#####..#
#.# ##...#
#.. #..#...#
.. #.####....
#@# ###..
#.z# . .....
........
...........
............
............#
.............


You could see a skeletal warrior.

Vanquished Creatures
  Fannar (D:11)
  A two-headed ogre (D:12)
  4 skeletal warriors (D:12)
  A deep elf pyromancer (D:12)
  An ugly thing (D:12)
  A cyclops (D:12)
  Maurice (D:9)
  A kobold demonologist (D:10)
  A troll (D:9)
  2 hornets (D:11)
  A shadow (D:11)
  Sigmund (D:2)
  13 yaks
  A basilisk (D:11)
  3 wyverns
  2 vampire mosquitoes (D:12)
  A warg (D:10)
  An acid dragon (D:10)
  6 orc warriors
  2 black bears
  5 centaurs
  A phantom (D:4)
  3 kobold brigands
  3 bullfrogs
  3 scorpions
  2 gnoll sergeants
  13 killer bees
  A hound (D:6)
  6 orc priests
  2 gnoll boudas
  An iguana (D:7)
  4 orc wizards
  8 adders
  19 gnolls
  A river rat (Sewer)
  2 white imps
  An ufetubus (D:5)
  2 worms
  A dart slug (D:3)
  20 orcs
  8 bats
  7 endoplasms
  9 giant cockroaches
  8 goblins
  4 hobgoblins
  4 jackals (D:2)
  6 quokkas
  11 ball pythons
  8 frilled lizards
  25 kobolds
  24 rats
257 creatures vanquished.

Notes
Turn   | Place    | Note
-------+----------+-------------------------------------------
     0 | D:1      | Maratek the Minotaur Fighter began the quest for the Orb.
     0 | D:1      | Reached XP level 1. HP: 19/19 MP: 0/0
    91 | D:1      | Reached XP level 2. HP: 27/27 MP: 1/1
   413 | D:1      | Reached XP level 3. HP: 33/33 MP: 2/2
   508 | D:2      | Reached skill level 3 in Axes
   603 | D:2      | Identified the +0 pair of boots of Gytotz {+Inv rElec
                  | Dex+2}
   657 | D:2      | Found a faded altar of an unknown god.
   676 | D:2      | Noticed Sigmund
   684 | D:2      | Killed Sigmund
   685 | D:2      | Reached skill level 5 in Axes
   685 | D:2      | Reached skill level 1 in Dodging
   685 | D:2      | Reached XP level 4. HP: 21/41 MP: 3/3
   685 | D:2      | Reached XP level 5. HP: 24/47 MP: 4/4
  1032 | D:2      | Identified the +0 ring mail of the Four Runes {*Slow +Blink
                  | Str+10 Dex+2}
  1518 | D:3      | Found an iron altar of Okawaru.
  1693 | D:3      | Found a shadowy altar of Dithmenos.
  1697 | D:3      | Found a shimmering altar of Xom.
  1697 | D:3      | Found a glowing silver altar of Zin.
  1699 | D:3      | Found a sacrificial altar of Ru.
  1702 | D:3      | Found a snail-covered altar of Cheibriados.
  2004 | D:4      | Noticed a black bear
  2012 | D:4      | Killed a black bear
  2013 | D:4      | Reached XP level 6. HP: 50/55 MP: 5/5
  2088 | D:4      | Found an ornate altar of the Wu Jian Council.
  2194 | D:4      | Reached skill level 6 in Axes
  2529 | D:4      | Reached skill level 5 in Fighting
  2529 | D:4      | Reached skill level 5 in Armour
  2536 | D:4      | Found a glowing drain.
  2550 | Sewer    | Entered a sewer
  2643 | Sewer    | Reached XP level 7. HP: 61/61 MP: 6/6
  2771 | Sewer    | Reached skill level 7 in Axes
  3072 | D:5      | Entered Level 5 of the Dungeon
  3561 | D:6      | You fall into a shaft and drop 2 floors!
  3640 | D:8      | Reached skill level 8 in Axes
  3808 | D:7      | Noticed Flugkiller's ghost (novice OpSh)
  3816 | D:7      | Noticed a vampire mosquito
  3817 | D:7      | Found a transporter.
  3822 | D:7      | Found a transporter.
  3840 | D:7      | Found a staircase to the Ecumenical Temple.
  3847 | Temple   | Entered the Ecumenical Temple
  3866 | Temple   | Became a worshipper of Qazlal Stormbringer
  3983 | D:7      | Reached XP level 8. HP: 60/69 MP: 7/7
  4941 | D:5      | Reached skill level 5 in Shields
  5449 | D:6      | Reached skill level 9 in Axes
  5813 | D:8      | Reached * piety under Qazlal
  6311 | D:8      | Found Ietegem's Incredible Inventory.
  6441 | D:9      | Noticed a troll
  6454 | D:9      | Killed a troll
  6455 | D:9      | Reached XP level 9. HP: 39/78 MP: 8/8
  6765 | D:9      | Reached skill level 1 in Stealth
  6771 | D:9      | Reached skill level 10 in Axes
  7269 | D:9      | Reached ** piety under Qazlal
  7677 | D:9      | Noticed Maurice
  7684 | D:9      | Killed Maurice
  7685 | D:9      | Reached skill level 11 in Axes
  7938 | D:9      | Reached XP level 10. HP: 86/86 MP: 9/9
  8344 | D:10     | Entered Level 10 of the Dungeon
  8447 | D:10     | Reached skill level 12 in Axes
  8452 | D:10     | Reached *** piety under Qazlal
  8728 | D:10     | Found a staircase to the Orcish Mines.
  8786 | D:10     | Noticed a sun demon
  9141 | D:10     | Got a decrepit book
  9636 | D:10     | Reached skill level 13 in Axes
  9636 | D:10     | Reached skill level 5 in Dodging
  9636 | D:10     | Reached skill level 10 in Shields
  9636 | D:10     | Reached XP level 11. HP: 97/97 MP: 10/10
 10004 | D:11     | Noticed Fannar
 10005 | D:11     | Found a staircase to the Lair.
 10019 | D:11     | Killed Fannar
 10195 | D:11     | Found a radiant altar of Vehumet.
 10371 | D:12     | Noticed a brown ugly thing
 10377 | D:12     | Killed a brown ugly thing
 10378 | D:12     | Reached skill level 14 in Axes
 10378 | D:12     | Reached skill level 10 in Armour
 10410 | D:12     | Noticed a deep elf pyromancer
 10418 | D:12     | Killed a deep elf pyromancer
 10419 | D:12     | Reached XP level 12. HP: 105/105 MP: 11/11
 10441 | D:12     | Noticed a two-headed ogre
 10467 | D:12     | Killed a two-headed ogre
 10499 | D:12     | HP: 5/106 [skeletal warrior/+0 dire flail (20)]
 10514 | D:12     | Slain by a skeletal warrior

Illustrated notes

Levels and vault maps discovered:
D:1:      tarquinn_simple_flora_water_a, layout_rooms
D:2:      layout_basic, hellmonk_ecumenical_altar_heavens_door, uniq_sigmund
D:3:      layout_basic, grunt_temple_overflow_holy_war,
          kennysheep_okawaru_gauntlet, minitemple
D:4:      layout_loops_corners, pdpol_wu_jian_five_deadly_venoms,
          portal_sewer_entry_f
D:5:      layout_basic, minmay_door_square, minmay_misc_feat_diagonals
D:6:      layout_basic, nicolae_tricolors
D:7:      layout_basic, minmay_temple_entry_statues_fountains,
          nzn_ghost_randoct, nicolae_underground_beach
D:8:      layout_loops_cross, st_stairs_2, minmay_holes, nicolae_alphabet_shops,
          minmay_misc_feat_rugged
D:9:      nicolae_cairo_tiling_very_big, layout_irregular_city, uniq_maurice
D:10:     layout_loops_cross, david_orc_3
D:11:     layout_rooms, lair_entry_dummy, nicolae_vehumet_radiance, uniq_fannar
D:12:     layout_rooms
Temple:   nicolae_temple_bog_church

Skill      XL: |  1  2  3  4  5  6  7  8  9 10 11 12 |
---------------+-------------------------------------+-----
Armour         | 4 5 6 7 8 9 10 | 10.5
Shields        | 4 5 7 10 11 | 11.7
Fighting       | 4 5 6 7 9 |  9.8
Axes           | 5 6 8 9 11 13 14 | 14.6
Dodging        | 1 2 3 5 6 |  6.0
Stealth        | 1 3 |  3.3

Action                     |  1- 3 |  4- 6 |  7- 9 | 10-12 || total
---------------------------+-------+-------+-------+-------++-------
  Melee: War axe           |    77 |    98 |   263 |   255 ||   693
         Headbutt          |     8 |    10 |    54 |    39 ||   111
    Use: Scroll            |       |     6 |    18 |     4 ||    28
         Potion            |       |       |       |     3 ||     3
 Armour: Scale mail        |    56 |    52 |   168 |    45 ||   321
         Plate armour      |       |       |       |    33 ||    33
  Dodge: Dodged            |    61 |    68 |   131 |    54 ||   314
  Block: Buckler           |    21 |    23 |    28 |       ||    72
         Kite shield       |       |       |   126 |   189 ||   315

Table legend: (Time is in decaauts)
 A = Elapsed time spent in this place.
 B = Non-inter-level travel time spent in this place.
 C = Inter-level travel time spent in this place.
 D = Time resting spent in this place.
 E = Time spent auto-exploring this place.
 F = Levels seen in this place.
 G = Mean time per level.
                   A        B        C        D        E       F      G
               +--------+--------+--------+--------+--------+-----+--------+
         Total |  10616 |  10046 |    570 |   1854 |   6666 |  14 |  758.3 |
       Dungeon |  10216 |   9683 |    533 |   1854 |   6447 |  12 |  851.3 |
        Temple |     40 |      3 |     37 |      0 |      0 |   1 |   40.0 |
         Sewer |    360 |    360 |      0 |      0 |    219 |   1 |  360.0 |
               +--------+--------+--------+--------+--------+-----+--------+

Top non-repeatable levels by time:
     D:9: 1909 daAuts
    D:10: 1338 daAuts
     D:6: 951 daAuts
     D:7: 950 daAuts
     D:4: 909 daAuts
     D:8: 878 daAuts
     D:2: 825 daAuts
    D:11: 682 daAuts
     D:3: 576 daAuts
     D:5: 566 daAuts
     D:1: 496 daAuts
   Sewer: 360 daAuts
    D:12: 131 daAuts
  Temple: 40 daAuts
